 Dungeon Crawl Stone Soup version 0.31-a0-150-g89dc3ad700 (webtiles) character file.

Game seed: 7517868713063031780

52 qw the Shooter (level 3, -1/31 HPs)
             Began as a Minotaur Hunter on June 8, 2023.
             Killed from afar by an orc wizard (8 damage)
             ... with a puff of flame
             ... on level 3 of the Dungeon.
             The game lasted 00:00:34 (1768 turns).

qw the Shooter (Minotaur Hunter)                    Turns: 1768, Time: 00:00:35

Health: -1/31      AC:  6    Str: 15    XL:     3   Next: 60%
Magic:  2/2        EV: 11    Int:  6    God:
Gold:   99         SH:  0    Dex: 15    Spells: 2/2 levels left

rFire   . . .        Y - +0 shortbow
rCold   . . .        (shield currently unavailable)
rNeg    . . .        d - +0 ring mail
rPois   .            (helmet restricted)
rElec   .            h - +0 cloak
rCorr   .            (no gloves)
SInv    .            (no boots)
Will    .....        (no amulet) Stlth
                     (no ring)
HPRegen 0.25/turn    (no ring)
MPRegen 0.08/turn

%: no passive effects
@: confused
A: horns 2, retaliatory headbutt
a: no special abilities


You were on level 3 of the Dungeon.
You visited 1 branch of the dungeon, and saw 3 of its levels.

You collected 137 gold pieces.
You spent 38 gold pieces at shops.


Innate Abilities, Weirdness & Mutations

You have a pair of horns on your head.
You reflexively headbutt those who attack you in melee.


   Skills:
 - Level 3.0 Fighting
 + Level 5.5 Ranged Weapons
 - Level 1.0 Armour
 - Level 2.1 Dodging
 - Level 0.7 Stealth


You had 2 spell levels left.
You didn't know any spells.
Your spell library was empty.

Inventory:

Hand Weapons
 Y - a +0 shortbow (weapon)
Armour
 d - a +0 ring mail (worn)
 h - a +0 cloak (worn)
Jewellery
 g - a ring of fire
Potions
 f - a potion of ambrosia {unknown}
 k - a potion of degeneration {unknown}

Dungeon Overview and Level Annotations

Branches:
Dungeon (3/15)

Altars:
Cheibriados

Shops:
D:2 *


Message History

Something hits you but does no damage. The orc misses you.
You furiously retaliate!
You headbutt the orc!
You kill the orc!
You shoot an arrow. Something hits you.
You hear some strange, mumbled words.
Something tries to affect you, but you resist.
You shoot an arrow. Something hits you. Something hits you but does no damage.
You shoot an arrow. Something hits you but does no damage. Something hits you.
You shoot an arrow.
Something hits you but does no damage. x3; Something hits you.
You shoot an arrow. Something hits you. x2
You shoot an arrow.
You hear some strange, mumbled words.
You are confused.
You hear some strange, mumbled words.
You are more confused.
You shoot an arrow. Something hits you but does no damage. Something hits you.
You shoot an arrow. Something hits you. Something hits you but does no damage.
You shoot an arrow. Something hits you. x3
You hear some strange, mumbled words.
You are more confused.
You shoot an arrow. Something hits you but does no damage.
You hear some strange, mumbled words.
You are more confused.
You shoot an arrow. Something hits you but does no damage. Something hits you.
You shoot an arrow. Something hits you.
You hear some strange, mumbled words.
A puff of flame appears from out of thin air!
The puff of flame hits you!
You die...

#.###.# #..
#.....# ###
###.###
#.#####
###.....#
##...###..#
##..### #
###{.##
#.{@##
#.### #) #.
#o #. #. #o


There were no monsters in sight!

Vanquished Creatures
  A worm (D:2)
  3 dart slugs
  3 orcs (D:3)
  6 ball pythons
  5 endoplasms
  2 giant cockroaches (D:1)
  2 goblins
  6 hobgoblins
  A quokka (D:2)
  2 bats
  3 kobolds
  2 rats (D:1)
36 creatures vanquished.

Notes
Turn   | Place    | Note
-------+----------+-------------------------------------------
     0 | D:1      | qw the Minotaur Hunter began the quest for the Orb.
     0 | D:1      | Reached XP level 1. HP: 18/18 MP: 0/0
     0 | D:1      | 0 ||| qw: Version: 0.2-a-120-gdf1a93b
     0 | D:1      | 0 ||| qw: Game counter: 2987
     0 | D:1      | 0 ||| qw: Always use a shield: true
     0 | D:1      | 0 ||| qw: God list: Okawaru
     0 | D:1      | 0 ||| qw: Allow faded altars: false
     0 | D:1      | 0 ||| qw: Do Orc after D:15 true
     0 | D:1      | 0 ||| qw: Do second Lair branch before Depths: true
     0 | D:1      | 0 ||| qw: Lair rune preference: random
     0 | D:1      | 0 ||| qw: Plans: Normal
     0 | D:1      | 0 ||| PLANNING D:1-11
    62 | D:1      | Found a faded altar of an unknown god.
   234 | D:1      | Reached XP level 2. HP: 25/25 MP: 1/1
   253 | D:1      | Reached skill level 5 in Ranged Weapons
   487 | D:1      | Reached skill level 3 in Fighting
   711 | D:1      | 711 ||| UPGRADING to +0 ring mail.
   721 | D:1      | 721 ||| DROPPING +0 leather armour.
   722 | D:1      | 722 ||| UPGRADING to +0 cloak.
   727 | D:1      | 727 ||| READING scroll labelled UPOFOI ITZYE.
   728 | D:1      | 728 ||| READING scroll labelled LOMUAQ FIDWOF.
   729 | D:1      | 729 ||| READING scroll labelled KOZUFOASUO.
   730 | D:1      | 730 ||| DROPPING scroll of butterflies.
   823 | D:2      | Found a snail-covered altar of Cheibriados.
   823 | D:2      | Identified the +2 hand axe of Gozag, Hammering {elec, SInv}
  1059 | D:2      | Found Alaudu's Assorted Antiques.
  1066 | D:2      | 1066 ||| SHOPLISTING 3 scrolls labelled LYQIWIOHYT (57
                  | gold, have 48).
  1066 | D:2      | 1066 ||| BUYING scroll labelled AMYAFOYTUSK (19 gold).
  1066 | D:2      | Bought a scroll labelled AMYAFOYTUSK for 19 gold pieces
  1066 | D:2      | 1066 ||| BUYING scroll labelled AMYAFOYTUSK (19 gold).
  1066 | D:2      | Bought a scroll labelled AMYAFOYTUSK for 19 gold pieces
  1066 | D:2      | 1066 ||| SHOPLISTING scroll labelled IGUONED IZXUR (19
                  | gold, have 10).
  1066 | D:2      | 1066 ||| SHOPLISTING scroll labelled JUUZEK AFYM (19 gold,
                  | have 10).
  1066 | D:2      | 1066 ||| SHOPLISTING scroll labelled UMOULOAHAD (19 gold,
                  | have 10).
  1075 | D:2      | Reached skill level 1 in Armour
  1075 | D:2      | Reached XP level 3. HP: 30/31 MP: 2/2
  1399 | D:2      | 1399 ||| READING 3 scrolls labelled AMYAFOYTUSK.
  1400 | D:2      | 1400 ||| READING scroll labelled LYQIWIOHYT.
  1401 | D:2      | 1401 ||| DROPPING 2 scrolls of noise.
  1745 | D:3      | 1745 ||| Stepping ~*~*~tactically~*~*~ (outnumbered).
  1768 | D:3      | HP: 7/31 [something (2)]
  1768 | D:3      | Killed from afar by an orc wizard

Levels and vault maps discovered:
D:1:      roderic_octagonal_star, layout_loops_ring,
          shapermc_ecumenical_altar_totnotflames, hangedman_decor_opposing
D:2:      layout_loops_ring, basic_altar, serial_shops, shop,
          nicolae_figureground_sparkle
D:3:      layout_loops_ring, serial_shops, nicolae_shop_real_fake_doors,
          kennysheep_cross_room

Skill      XL: |  1  2 |
---------------+-------+-----
Ranged Weapons | 5 |  5.5
Fighting       | 3 |  3.0
Armour         | 1 |  1.0
Dodging        | |  2.1
Stealth        | |  0.7

Action                     || total
---------------------------++-------
   Fire: Shortbow          ||   129
    Use: Scroll            ||     5
 Armour: Leather armour    ||    10
         Ring mail         ||    21
  Dodge: Dodged            ||    22

Table legend:
 A = Non-vault XP
 B = Vault XP
 C = Vault XP percentage of total XP
 D = Non-vault monster count
 E = Vault monster count
 F = Vault count percentage of total count
                 A         B        C        D         E       F
            +---------+---------+-------+---------+---------+-------
      Total |      75 |       0 |   0.0 |      36 |       0 |   0.0
            +---------+---------+-------+---------+---------+-------
        D:1 |      32 |       0 |   0.0 |      18 |       0 |   0.0
        D:2 |      19 |       0 |   0.0 |       8 |       0 |   0.0
        D:3 |      24 |       0 |   0.0 |      10 |       0 |   0.0
            +---------+---------+-------+---------+---------+-------
